 Dungeon Crawl Stone Soup version 0.30.0 (webtiles) character file.

Game seed: 711642887118576846

12417 Jonnyslop the Severer (level 11, -1/104 HPs)
             Began as a Hill Orc Fighter on Oct 17, 2023.
             Was a Priest of Beogh.
             Killed from afar by an electric eel (13 damage)
             ... with a bolt of electricity
             ... on level 11 of the Dungeon.
             The game lasted 00:18:48 (10535 turns).

Jonnyslop the Severer (Hill Orc Fighter)           Turns: 10535, Time: 00:18:49

Health: -1/104     AC: 13    Str: 36    XL:     11   Next: 93%
Magic:  17/17      EV: 10    Int: 11    God:    Beogh [***...]
Gold:   689        SH:  0    Dex: 10    Spells: 10/10 levels left

rFire   . . .        x - +6 battleaxe (freeze)
rCold   . . .        (shield currently unavailable)
rNeg    . . .        b - +0 scale mail
rPois   .            g - +0 helmet {Int+3}
rElec   .            C - +0 cloak
rCorr   .            (no gloves)
SInv    .            t - +1 pair of boots
Will    .....        (no amulet) Stlth
                     G - +6 ring of strength
HPRegen 0.37/turn    e - +6 ring of strength
MPRegen 0.15/turn

%: no passive effects
@: very slow
A: no striking features
a: Renounce Religion, Smiting


You were on level 11 of the Dungeon.
You worshipped Beogh.
Beogh was most pleased with you.
You visited 2 branches of the dungeon, and saw 12 of its levels.

You collected 689 gold pieces.

Inventory:

Hand Weapons
 a - a +1 war axe of draining
 v - a +0 broad axe
 x - a +6 battleaxe of freezing (weapon)
 E - a +2 scimitar of flaming
 F - a +3 battleaxe
Missiles
 h - 4 throwing nets
 r - 9 javelins (quivered)
Armour
 b - a +0 scale mail (worn)
 c - a +0 buckler
 g - a +0 helmet of intelligence (worn)
 t - a +1 pair of boots (worn)
 C - a +0 cloak (worn)
Jewellery
 d - a ring of protection from cold
 e - a +6 ring of strength (right hand)
 m - a ring of willpower
 o - a ring of see invisible
 B - a ring of resist corrosion
 G - a +6 ring of strength (left hand)
Wands
 n - a wand of charming (10)
 u - a wand of roots (19)
 H - a wand of flame (16)
Scrolls
 f - a scroll of fear {unknown}
 p - a scroll of fog
 s - 2 scrolls of enchant armour
 y - a scroll of amnesia
 A - a scroll of teleportation
Potions
 i - a potion of attraction
 j - 2 potions of flight
 k - 2 potions of resistance
 l - a potion of cancellation
 q - a potion of lignification
 w - 2 potions of brilliance
 z - a potion of magic
 D - a potion of curing


   Skills:
 + Level 12.1 Fighting
 + Level 16.7 Axes
 + Level 8.1 Armour
 - Level 3.2 Shields
 + Level 8.6 Invocations


You had 10 spell levels left.
You didn't know any spells.
Your spell library contained the following spells:

 Spells                   Type           Power      Damage    Failure   Level
 Apportation              Tloc           0%         N/A       52%         1
 Freeze                   Ice            0%         1d3       52%         1
 Necrotise                Necr           0%         1d4       52%         1
 Summon Small Mammal      Summ           0%         N/A       52%         1
 Ensorcelled Hibernation  Hex/Ice        0%         N/A       65%         2
 Poisonous Vapours        Pois/Air       0%         N/A       65%         2
 Frozen Ramparts          Ice            0%         1d1       87%         3
 Hailstorm                Conj/Ice       0%         3d3       87%         3
 Mephitic Cloud           Conj/Pois/Air  0%         N/A       87%         3
 Spider Form              Tmut/Pois      0%         N/A       87%         3
 Anguish                  Hex/Necr       0%         N/A       99%         4
 Freezing Cloud           Conj/Ice/Air   0%         6-21      100%        5


Dungeon Overview and Level Annotations

Branches:
Dungeon (11/15)            Temple (1/1) D:7            Lair (0/5) D:11
    Orc: D:9-12

Altars:
Ashenzari
Dithmenos
Elyvilon
Fedhas
Gozag
Makhleb
Nemelex Xobeh
Okawaru
Sif Muna
Trog

Shops:
D:6 (   D:9 :

Annotations:
D:5 2 transporters, Ayyar's ghost, amateur GnWr
D:6 3 runed translucent doors, rundlesten's ghost, novice OpHW
D:8 2 transporters
D:10 3 runed translucent doors, exclusion: orange crystal statue


Message History

The electric eel shoots out a bolt of lightning at you!
The bolt of electricity hits you! 2 electric eels come into view.
Found 15 gold pieces.
The electric eel shoots out a bolt of lightning at you!
The bolt of electricity hits you!
The electric eel shoots out a bolt of lightning at you!
The bolt of electricity hits you.
You are too injured to fight recklessly!
You are too injured to fight recklessly!
You are too injured to fight recklessly!
You are too injured to fight recklessly!
You are too injured to fight recklessly!
You are too injured to fight recklessly!
You are too injured to fight recklessly!
You are too injured to fight recklessly!
You are too injured to fight recklessly!
You are too injured to fight recklessly!
You are too injured to fight recklessly!
You are too injured to fight recklessly!
You are too injured to fight recklessly!
You are too injured to fight recklessly!
You are too injured to fight recklessly!
You are too injured to fight recklessly!
Unknown command.
The electric eel shoots out a bolt of lightning at you!
The bolt of electricity hits you!
* * * LOW HITPOINT WARNING * * *
The electric eel shoots out a bolt of lightning at you!
The bolt of electricity hits you!
* * * LOW HITPOINT WARNING * * *
The electric eel shoots out a bolt of lightning at you!
The bolt of electricity hits you.
* * * LOW HITPOINT WARNING * * *
The electric eel shoots out a bolt of lightning at you!
The bolt of electricity hits you!
* * * LOW HITPOINT WARNING * * *
The electric eel shoots out a bolt of lightning at you!
The bolt of electricity hits you!
You die...

#...$~~~~~≈≈≈≈
#....~≈≈~≈~≈~≈
+..≈~≈~.~.~.~~
#"..~~~....S~≈
#..~≈~.S.>..S≈
#..≈~≈.....~≈≈
#...~~~....≈S≈
#..~~~.....≈≈
#...@~~...~≈≈ #+######
###...~≈≈~.~≈~~ .......#
#.†††~~≈≈~.~~~. .......#
#...†~~≈≈~.~≈~≈
.......####...~.~~.~.~~~.
.....>.##.'.....~≈.~.≈≈~~
.......'..#......~...≈~..
.......####........$....
##'##### #............


You could see 4 electric eels.

Vanquished Creatures
  Erica (D:8)
  Amaemon (D:10)
  Pikel (D:4)
  A cyclops (D:9)
  An ugly thing (D:10)
  Maurice (D:8)
  An orange demon (D:10)
  Psyche (D:8)
  A kobold demonologist (D:11)
  2 trolls
  2 hornets
  2 wyverns
  A shadow (D:4)
  17 yaks
  A vampire (D:11)
  A wraith (D:11)
  Menkaure (D:5)
  2 acid dragons
  A water moccasin (D:5)
  6 ice beasts
  4 orc warriors
  A black bear (D:6)
  6 wolves (D:11)
  An ogre (D:5)
  A lemure (D:3)
  3 centaurs
  A kobold brigand (D:8)
  Blork the orc (D:5)
  A bullfrog (D:8)
  3 scorpions (D:4)
  A gnoll sergeant (D:5)
  17 wights
  9 killer bees (D:10)
  2 howler monkeys
  3 hounds
  A jelly (D:8)
  2 orc priests (D:8)
  A gnoll bouda (D:9)
  4 iguanas
  9 orc wizards
  A sleepcap (D:6)
  14 gnolls
  7 adders
  A white imp (D:7)
  An ufetubus (D:5)
  5 dart slugs
  36 orcs
  A ball python (D:4)
  9 endoplasms
  2 giant cockroaches
  4 goblins
  2 hobgoblins
  4 jackals (D:2)
  3 quokkas
  5 bats
  4 frilled lizards
  11 kobolds
  4 rats
230 creatures vanquished.

Vanquished Creatures (others)
  2 orc wizards
  A bush (D:7)
  3 fungi (D:6)
  7 plants
  3 toadstools (D:7)
16 creatures vanquished.

Grand Total: 246 creatures vanquished

Notes
Turn   | Place    | Note
-------+----------+-------------------------------------------
     0 | D:1      | Jonnyslop the Hill Orc Fighter began the quest for the Orb.
     0 | D:1      | Reached XP level 1. HP: 19/19 MP: 1/1
   105 | D:1      | Reached skill level 3 in Axes
   183 | D:1      | Reached XP level 2. HP: 24/27 MP: 2/2
   448 | D:1      | Reached skill level 4 in Axes
   526 | D:1      | Reached XP level 3. HP: 33/33 MP: 3/3
   906 | D:2      | You fall into a shaft and drop 2 floors!
   999 | D:4      | Noticed a scorpion
  1030 | D:4      | Killed a scorpion
  1031 | D:4      | Reached skill level 5 in Axes
  1031 | D:4      | Reached XP level 4. HP: 18/41 MP: 4/4
  1630 | D:2      | Reached XP level 5. HP: 47/47 MP: 5/5
  1922 | D:3      | Reached skill level 5 in Fighting
  1924 | D:3      | Reached skill level 6 in Axes
  2075 | D:3      | Found a sparkling altar of Nemelex Xobeh.
  2153 | D:3      | Reached XP level 6. HP: 45/56 MP: 6/6
  2392 | D:3      | Found a blossoming altar of Fedhas.
  2541 | D:4      | Noticed Pikel
  2593 | D:4      | Killed Pikel
  2594 | D:4      | Reached skill level 9 in Axes
  2594 | D:4      | Reached XP level 7. HP: 26/64 MP: 7/7
  2788 | D:4      | Found a white marble altar of Elyvilon.
  3346 | D:4      | Reached XP level 8. HP: 65/73 MP: 8/8
  3425 | D:4      | Reached skill level 10 in Axes
  3599 | D:5      | Entered Level 5 of the Dungeon
  3644 | D:5      | Found a broken altar of Ashenzari.
  3673 | D:5      | Noticed Blork the orc
  3685 | D:5      | Killed Blork the orc
  3799 | D:5      | Found a transporter.
  3805 | D:5      | Found a transporter.
  3917 | D:5      | Reached skill level 11 in Axes
  3929 | D:5      | Identified the ring of Cynicism {rF+ Stlth+}
  3944 | D:5      | Noticed a shadow
  4178 | D:4      | Killed a shadow
  4307 | D:5      | Became a worshipper of Beogh the Brigand
  4375 | D:5      | Reached skill level 12 in Axes
  4375 | D:5      | Reached XP level 9. HP: 73/82 MP: 9/9
  4637 | D:5      | Noticed Menkaure
  4643 | D:5      | Killed Menkaure
  4659 | D:5      | Noticed Ayyar's ghost (amateur GnWr)
  4945 | D:6      | Reached skill level 13 in Axes
  5116 | D:6      | Reached skill level 1 in Invocations
  5291 | D:6      | Found Paukigru's Antique Weapon Shoppe.
  5295 | D:6      | Reached * piety under Beogh
  5544 | D:6      | Found a runed translucent gate.
  5545 | D:6      | Found a runed translucent gate.
  5555 | D:6      | Found a runed translucent gate.
  5586 | D:6      | Noticed rundlesten's ghost (novice OpHW)
  6398 | D:7      | Found a staircase to the Ecumenical Temple.
  6734 | Temple   | Entered the Ecumenical Temple
  6834 | D:8      | Noticed Maurice
  6857 | D:8      | Killed Maurice
  6858 | D:8      | Reached skill level 14 in Axes
  6858 | D:8      | Reached XP level 10. HP: 85/93 MP: 12/12
  6921 | D:8      | Noticed a cane toad
  6933 | D:8      | Reached skill level 10 in Fighting
  6951 | D:8      | Noticed a cane toad
  6978 | D:8      | Reached skill level 5 in Armour
  7123 | D:8      | Noticed a centaur warrior
  7125 | D:8      | Found a transporter.
  7295 | D:8      | Reached ** piety under Beogh
  7314 | D:8      | Noticed Psyche
  7326 | D:8      | Killed Psyche
  7327 | D:8      | Reached skill level 15 in Axes
  7327 | D:8      | Reached skill level 5 in Invocations
  7562 | D:8      | Noticed a cyclops
  7562 | D:8      | Noticed a rakshasa
  7563 | D:8      | Found a transporter.
  7584 | D:8      | Noticed a cyclops
  7584 | D:8      | a cyclops changed into a jumping spider
  7645 | D:8      | Noticed Erica
  7650 | D:8      | Killed Erica
  8181 | D:9      | Reached XP level 11. HP: 101/101 MP: 15/15
  8190 | D:9      | Found a burning altar of Makhleb.
  8192 | D:9      | Found a shadowy altar of Dithmenos.
  8322 | D:9      | Found Jaazaar's Self-Improvement Boutique.
  8502 | D:9      | Found an opulent altar of Gozag.
  8920 | D:9      | Noticed a cyclops
  8924 | D:9      | Killed a cyclops
  8925 | D:9      | Reached skill level 16 in Axes
  9141 | D:10     | Entered Level 10 of the Dungeon
  9153 | D:10     | Paralysed by a hornet for 2 turns
  9496 | D:10     | Found a runed translucent door.
  9496 | D:10     | Noticed a cyan ugly thing
  9503 | D:10     | Killed a cyan ugly thing
  9503 | D:10     | Reached *** piety under Beogh
  9562 | D:10     | Found a runed translucent door.
  9578 | D:10     | Found a runed translucent door.
  9593 | D:10     | Found a runed translucent door.
  9825 | D:10     | Found a shimmering blue altar of Sif Muna.
  9935 | D:10     | Noticed Amaemon
  9946 | D:10     | Killed Amaemon
 10367 | D:10     | Noticed an orange crystal statue
 10517 | D:11     | Found a staircase to the Lair.
 10535 | D:11     | Killed from afar by an electric eel

Illustrated notes

Levels and vault maps discovered:
D:1:      ncdulo_wetmaze, layout_basic
D:2:      layout_loops_ring, st_stairs_8, hangedman_abyss_or_decor_lesser_grid
D:3:      layout_rooms, nemelex_altar_shiori, lemuel_round_altar, minivault_23
D:4:      layout_basic, kennysheep_little_box, serial_bayou,
          serial_bayou_shore_a, serial_bayou_crossing, serial_bayou_ford_a,
          serial_bayou_pond_c, lightli_corner_chamber, uniq_pikel
D:5:      layout_basic, lemuel_tele_altar, gammafunk_ghost_gnarly_gnolls,
          grunt_ministairs_1, minmay_fractal_squares_5, uniq_blork_the_orc,
          uniq_menkaure
D:6:      layout_basic, serial_shops, shop, gammafunk_ghost_nasty_kobolds
D:7:      layout_cave_pools, minmay_temple_entry_statues_fountains,
          serial_rivers, chequers_serial_rivers_room_b,
          chequers_serial_rivers_small_b, chequers_serial_rivers_small_3,
          chequers_serial_rivers_room_b, chequers_serial_rivers_micro_c,
          chequers_serial_rivers_small_a, minmay_gold_behind_fungi,
          kb_lookout_dungeons_type
D:8:      gammafunk_the_bubble [the_bubble_gammafunk_grid], layout_basic,
          mrwooster_statue_mirror, uniq_erica, uniq_maurice, uniq_psyche
D:9:      layout_basic, nicolae_dithmenos_through_a_glass_darkly,
          nicolae_gozag_seed_capital, bloody_makhleb, nicolae_shop_self_help
D:10:     layout_rooms, nicolae_sif_muna_condensation,
          minmay_statue_crystal_thing, uniq_amaemon
D:11:     layout_roguey, erik_lair_island, david_orc_4
Temple:   nicolae_temple_great_sept

Skill      XL: |  1  2  3  4  5  6  7  8  9 10 11 |
---------------+----------------------------------+-----
Axes           | 3 4 5 6 9 12 14 15 16 | 16.7
Fighting       | 4 5 6 7 8 9 10 12 | 12.1
Invocations    | 3 6 8 |  8.6
Armour         | 4 6 8 |  8.1
Shields        | |  3.2

Action                     |  1- 3 |  4- 6 |  7- 9 | 10-12 || total
---------------------------+-------+-------+-------+-------++-------
  Melee: War axe           |    72 |   107 |   153 |       ||   332
         Battleaxe         |       |       |    60 |   177 ||   237
 Invoke: Convert to Beogh  |       |       |     1 |       ||     1
    Use: Potion            |     1 |     2 |     2 |     1 ||     6
         Scroll            |       |    15 |    10 |     3 ||    28
   Stab: Distracted        |       |     1 |       |       ||     1
 Armour: Scale mail        |    27 |    48 |    72 |    98 ||   245
  Dodge: Dodged            |    34 |    42 |    83 |   109 ||   268
  Block: Buckler           |    16 |    15 |    29 |       ||    60
